 Dungeon Crawl Stone Soup version 0.28-a0-851-g8b9cc49659 (webtiles) character file.

Game seed: 8257049961347199227

1409 jasper the Stinger (level 8, -2/37 HPs)
             Began as a Spriggan Venom Mage on Nov 14, 2021.
             Shot with an arrow by a centaur (7 damage)
             ... on level 6 of the Dungeon.
             The game lasted 00:17:37 (6394 turns).

jasper the Stinger (Spriggan Venom Mage)            Turns: 6394, Time: 00:17:37

Health: -2/37      AC:  6    Str:  4    XL:     8   Next: 42%
Magic:  11/15      EV: 21    Int: 19    God:
Gold:   274        SH:  5    Dex: 15    Spells: 3/15 levels left

rFire   . . .      SeeInvis +   i - +0 whip (elec)
rCold   . . .      Faith    .   (shield restricted)
rNeg    . . .      Spirit   .   a - +0 robe
rPois   .          Reflect  +   (helmet restricted)
rElec   .          Harm     .   (no cloak)
rCorr   .          Rampage  .   (gloves unavailable)
Will    +....                   (boots unavailable)
Stlth   ++........              m - amulet of reflection
HPRegen 0.12/turn               u - +4 ring of protection
MPRegen 0.14/turn               v - +4 ring of evasion

@: very quick
A: very small, no large weapons, unfitting armour, see invisible, speed 3
a: no special abilities


You were on level 6 of the Dungeon.
You visited 1 branch of the dungeon, and saw 6 of its levels.

You collected 274 gold pieces.

Inventory:

Hand Weapons
 d - a +0 vampiric whip
 i - a +0 whip of electrocution (weapon)
Missiles
 e - 195 stones
Armour
 a - a +0 robe (worn)
 x - a +0 buckler
Jewellery
 g - a ring of ice
 m - an amulet of reflection (around neck)
 u - a +4 ring of protection (left hand)
 v - a +4 ring of evasion (right hand)
Wands
 w - a wand of iceblast (18)
Scrolls
 n - 2 scrolls of enchant armour {unknown}
 o - a scroll of brand weapon
 q - 2 scrolls of noise {unknown}
 r - 2 scrolls of magic mapping {unknown}
 s - a scroll of acquirement {unknown}
 t - a scroll of identify
 y - a scroll of vulnerability {unknown}
 z - a scroll of teleportation
Potions
 b - 2 potions of brilliance
 c - a potion of heal wounds
 f - 2 potions of invisibility
 h - a potion of cancellation {unknown}
 j - 6 potions of curing {unknown}
 k - a potion of degeneration {unknown}
 l - a potion of might {unknown}
 p - a potion of haste {unknown}


   Skills:
 - Level 0.7 Fighting
 - Level 3.3 Dodging
 - Level 3.0 Stealth
 + Level 1.6 Shields
 + Level 4.3 Spellcasting
 * Level 3.2 Conjurations
 - Level 3.0 Transmutations
 * Level 4.0 Air Magic
 - Level 7.1 Poison Magic


You had 3 spell levels left.
You knew the following spells:

 Your Spells              Type           Power      Damage    Failure   Level
a - Sting                 Tmut/Pois      92%        1d7       1%          1
b - Mephitic Cloud        Conj/Pois/Air  22%        N/A       5%          3
c - Olgreb's Toxic Radia  Pois           31%        N/A       7%          4
d - Summon Lightning Spi  Summ/Air       11%        N/A       50%         4

Your spell library contained the following spells:

 Spells                   Type           Power      Damage    Failure   Level
 Poisonous Vapours        Pois/Air       50%        N/A       1%          2
 Corpse Rot               Necr/Air       22%        N/A       9%          2
 Airstrike                Air            9%         N/A       26%         4
 Lightning Bolt           Conj/Air       8%         1d21      63%         5


Dungeon Overview and Level Annotations

Branches:
Dungeon (6/15)
 Temple: D:4-7

Altars:
Dithmenos
Wu Jian


Innate Abilities, Weirdness & Mutations

You are very small and have problems with some larger weapons.
You are too small for most types of armour.
You have supernaturally acute eyesight. (SInv)
You cover ground extremely quickly. (Speed+++)


Message History

The arrow completely misses you.
Casting: Sting (safe; 1% risk of failure)
Confirm with . or Enter, or press ? or * to list all spells.
The spell is quite dangerous to cast (7% risk of failure)!
Continue anyway?
You begin to radiate toxic energy.
The centaur is poisoned.
The centaur looks even sicker.
The centaur shoots an arrow.
The arrow misses you.
A centaur comes into view.
It is carrying a wand of mindburst (20).
A centaur comes into view. It is carrying a wand of flame (19).
You now have 11/15 mp.
The centaur looks even sicker.
The centaur is poisoned.
The centaur shouts!
The centaur is poisoned.
Your toxic aura wanes.
You hear a shout!
The centaur shoots an arrow.
Keep equipping yourself?
The arrow misses you.
The centaur wields a +0 shortbow.
The centaur shoots an arrow.
The arrow completely misses you.
The centaur wields a +0 shortbow.
The centaur shoots an arrow.
The arrow closely misses you.
The centaur shoots an arrow.
You reflect the arrow off an invisible shield around you!
The arrow barely misses the centaur.
You start putting on your armour.
You continue putting on your +0 buckler.
The centaur shoots an arrow.
The arrow barely misses you.
The centaur shoots an arrow.
The arrow barely misses you.
The centaur zaps a wand.
You resist with some effort.
You continue putting on your +0 buckler.
The centaur shoots an arrow.
The arrow hits you!
The centaur zaps a wand.
You resist with some effort.
You continue putting on your +0 buckler.
The centaur shoots an arrow.
The arrow barely misses you.
The centaur shoots an arrow.
The arrow hits you!
The centaur shoots an arrow.
The arrow closely misses you.
The centaur shoots an arrow.
The arrow hits you.
The centaur shoots an arrow.
The arrow hits you!
* * * LOW HITPOINT WARNING * * *
You continue putting on your +0 buckler.
The centaur shoots an arrow.
The arrow hits you!
You die...

#### #...###
≈≈≈....##
≈≈≈≈≈≈..#
≈≈≈≈≈≈≈.#
.≈≈≈≈≈≈.#
..≈≈≈≈≈.##########
####
..≈≈≈≈≈@.........#
#...
.cc≈≈≈≈.###...##.#
#.##
c..≈≈≈####8...8#.#
#.#8 #.c≈≈≈
##...##.# #.##
#Z≈≈≈
#...##.####.##
.≈≈≈≈
##...##......##
≈≈≈≈
#⌠...8##....##8
≈≈≈#
##)..##.....###
#...##.....# #


You could see 4 centaurs and a wyvern skeleton.

Vanquished Creatures
  Pikel (D:6)
  Sigmund (D:2)
  Menkaure (D:6)
  An ogre (D:6)
  A centaur (D:6)
  A phantom (D:4)
  A hound (D:6)
  2 jellies
  An orc priest (D:6)
  An iguana (D:4)
  A bullfrog skeleton (D:5)
  A scorpion zombie (D:5)
  Terence (D:2)
  An orc wizard (D:5)
  A hound zombie (D:5)
  A gnoll (D:1)
  9 adders
  A shadow imp (D:6)
  A white imp (D:5)
  A worm (D:2)
  A dart slug (D:2)
  8 orcs
  3 bats (D:1)
  4 endoplasms
  4 giant cockroaches
  6 goblins
  2 hobgoblins
  9 jackals
  7 kobolds
  7 quokkas
  6 ball pythons
  4 frilled lizards
  3 rats
93 creatures vanquished.

Notes
Turn   | Place    | Note
-------+----------+-------------------------------------------
     0 | D:1      | jasper the Spriggan Venom Mage began the quest for the Orb.
     0 | D:1      | Reached XP level 1. HP: 9/9 MP: 5/5
   314 | D:1      | Reached XP level 2. HP: 13/13 MP: 1/6
   946 | D:1      | Reached XP level 3. HP: 16/16 MP: 5/8
  1071 | D:1      | Learned a level 3 spell: Mephitic Cloud
  1454 | D:2      | Reached skill level 4 in Poison Magic
  1907 | D:2      | Reached XP level 4. HP: 16/21 MP: 0/9
  1912 | D:2      | Learned a level 4 spell: Olgreb's Toxic Radiance
  2270 | D:2      | Noticed Sigmund
  2284 | D:2      | Killed Sigmund
  2285 | D:2      | Reached skill level 6 in Poison Magic
  2285 | D:2      | Reached XP level 5. HP: 24/24 MP: 1/10
  2815 | D:3      | Noticed Terence
  2826 | D:2      | Killed Terence
  2827 | D:2      | Reached XP level 6. HP: 28/28 MP: 5/11
  3573 | D:3      | Found a shadowy altar of Dithmenos.
  3582 | D:3      | Found an ornate altar of the Wu Jian Council.
  4171 | D:4      | Reached skill level 7 in Poison Magic
  4727 | D:4      | Reached skill level 1 in Air Magic
  4868 | D:5      | Entered Level 5 of the Dungeon
  4877 | D:5      | Reached skill level 1 in Conjurations
  4974 | D:5      | Reached XP level 7. HP: 24/32 MP: 7/12
  5674 | D:6      | Noticed Menkaure
  5765 | D:6      | Learned a level 4 spell: Summon Lightning Spire
  6067 | D:6      | Killed Menkaure
  6233 | D:6      | Noticed Pikel
  6249 | D:6      | Killed Pikel
  6250 | D:6      | Reached skill level 1 in Shields
  6250 | D:6      | Reached XP level 8. HP: 37/37 MP: 5/15
  6394 | D:6      | Shot with an arrow by a centaur

Illustrated notes

Levels and vault maps discovered:
D:1:      minmay_arrival_up_and_down, layout_loops_corners
D:2:      layout_basic, uniq_sigmund
D:3:      layout_loops_ring, mainiacjoe_overflow_swirl, uniq_terence
D:4:      layout_basic, serial_park_tiny_1
D:5:      layout_loops_cross, chequers_serial_rivers_micro_c
D:6:      layout_rooms, fedhas_altar_4, serial_corexii_hall,
          chequers_hall_statues_y, corexii_hall_statues_deadend,
          chequers_hall_statues_corner_a, corexii_hall_statues_i,
          corexii_hall_statues_x, corexii_hall_statues_l, centaur_isle,
          uniq_menkaure, uniq_pikel

Skill      XL: |  1  2  3  4  5  6  7 |
---------------+----------------------+-----
Transmutations | 2 3 |  3.0
Poison Magic   | 4 6 7 |  7.1
Air Magic      | 1 4 |  4.0
Conjurations   | 1 3 |  3.2
Dodging        | 3 |  3.3
Spellcasting   | 4 |  4.3
Shields        | 1 |  1.6
Fighting       | |  0.7
Stealth        | |  3.0

Action                   |  1- 3 |  4- 6 |  7- 9 || total
-------------------------+-------+-------+-------++-------
Melee: Whip              |     1 |    10 |    37 ||    48
Throw: Stone             |     1 |       |       ||     1
 Cast: Sting             |    73 |    47 |    17 ||   137
       Olgreb's Toxic Ra |       |    17 |    10 ||    27
Evoke: Wand              |       |     8 |     7 ||    15
  Use: Scroll            |     2 |     3 |       ||     5
 Stab: Sleeping          |       |     1 |     1 ||     2
Armor: Robe              |     3 |     1 |     4 ||     8
Dodge: Dodged            |    16 |    10 |    41 ||    67
Block: Other             |       |     1 |     9 ||    10
       Reflection        |       |       |     1 ||     1

Table legend: (Time is in decaauts)
 A = Elapsed time spent in this place.
 B = Non-inter-level travel time spent in this place.
 C = Inter-level travel time spent in this place.
 D = Time resting spent in this place.
 E = Time spent auto-exploring this place.
 F = Levels seen in this place.
 G = Mean time per level.
                   A        B        C        D        E       F      G
               +--------+--------+--------+--------+--------+-----+--------+
         Total |   5040 |   4938 |    102 |    174 |   4115 |   6 |  840.0 |
       Dungeon |   5040 |   4938 |    102 |    174 |   4115 |   6 |  840.0 |
               +--------+--------+--------+--------+--------+-----+--------+

Top non-repeatable levels by time:
     D:2: 1149 daAuts
     D:1: 1036 daAuts
     D:4: 833 daAuts
     D:3: 808 daAuts
     D:5: 622 daAuts
     D:6: 589 daAuts
